 Dungeon Crawl Stone Soup version 0.29.1-1-gd02db6906a (webtiles) character file.

Game seed: 10624900652839791585

77599 croobank the Spry (level 15, -8/72 HPs)
             Began as a Felid Summoner on Sept 21, 2022.
             Was an Initiate of Gozag.
             Mangled by a shock serpent (13 damage)
             ... on level 2 of the Snake Pit on Sept 22, 2022.
             The game lasted 04:13:52 (43598 turns).

croobank the Spry (Felid Summoner)                 Turns: 43598, Time: 04:13:52

Health: -8/72      AC:  3    Str:  3 (4)  XL:     15   Next: 15%
Magic:  20/30      EV: 29    Int: 27      God:    Gozag
Gold:   4812       SH:  5    Dex: 17 (18) Spells: 5/34 levels left
                                        Lives:  0   Deaths: 4

rFire   + . .      SeeInvis +     - Unarmed
rCold   + . .      Faith    .   (shield unavailable)
rNeg    . . .      Spirit   .   (body armour unavailable)
rPois   +          Reflect  +   (helmet unavailable)
rElec   .          Harm     .   (cloak unavailable)
rCorr   .          Rampage  .   (gloves unavailable)
Will    ++...      Rage     3%  (boots unavailable)
Stlth   +++.......              v - amulet of reflection
HPRegen 0.22/turn               M - ring of protection from fire
MPRegen 0.22/turn               i - ring of Kyku Rec {rPois Int+4}

@: very slightly contaminated, quick
A: very small, claws 1, fangs 3, see invisible, speed 1, shaggy fur 3, stealthy
paws, no weapons or thrown items, no armour, multi-lived, berserk 1,
deterioration 1
a: Renounce Religion, Potion Petition, Call Merchant, Bribe Branch


You were on level 2 of the Snake Pit.
You worshipped Gozag.
Gozag was most pleased with you.
You visited 4 branches of the dungeon, and saw 22 of its levels.
You visited the Abyss 1 time.
You also visited: Bailey.

You collected 7886 gold pieces.
You spent 627 gold pieces at shops.
You paid 2447 gold pieces to Gozag.

Inventory:

Jewellery
 g - a ring of fire
 i - the ring of Kyku Rec (right paw) {rPois Int+4}
   (You found it on level 11 of the Dungeon)

   [ring of poison resistance]

   Int:       It affects your intelligence (+4).
   rPois:     It protects you from poison.
 k - a ring of wizardry
 r - a ring of poison resistance
 v - an amulet of reflection (around neck)
 F - a +4 ring of protection
 I - the amulet "Kiew" {Acrobat rPois}
   (You found it on level 4 of the Lair of Beasts)

   [amulet of the acrobat]

   It increases your evasion while moving and waiting.
   rPois:     It protects you from poison.
 M - a ring of protection from fire (left paw)
Wands
 l - a wand of roots (12)
 y - a wand of paralysis (14)
 H - a wand of polymorph (4)
Scrolls
 a - 7 scrolls of identify
 f - 6 scrolls of noise
 n - 2 scrolls of butterflies
 o - 3 scrolls of immolation
 t - 2 scrolls of magic mapping
 u - 2 scrolls of poison
 A - a scroll of amnesia
 E - a scroll of vulnerability
 G - 7 scrolls of teleportation
 J - a scroll of torment
 L - a scroll of acquirement
Potions
 b - a potion of might
 c - 3 potions of brilliance
 d - a potion of lignification
 h - 12 potions of curing
 m - 14 potions of ambrosia
 p - 5 potions of flight
 q - 4 potions of attraction
 s - a potion of degeneration
 w - 2 potions of invisibility
 x - a potion of resistance
 z - 5 potions of mutation
 B - 3 potions of cancellation
 C - a potion of magic
Miscellaneous
 e - a tin of tremorstones (2/2)


   Skills:
 + Level 12.2 Fighting
 + Level 16.4 Dodging
 - Level 5.5 Stealth
 + Level 3.1 Unarmed Combat
 - Level 10.0 Spellcasting
 - Level 6.0 Hexes
 + Level 10.1 Summonings
 - Level 3.2 Necromancy
 + Level 15.7 Transmutations
 + Level 11.8 Air Magic


You had 5 spell levels left.
You knew the following spells:

 Your Spells              Type           Power      Damage    Failure   Level
a - Summon Small Mammal   Summ           100%       N/A       1%          1
b - Call Imp              Summ           62%        N/A       1%          2
c - Call Canine Familiar  Summ           62%        N/A       1%          3
d - Summon Guardian Gole  Hex/Summ       55%        N/A       1%          3
e - Summon Lightning Spi  Summ/Air       64%        N/A       1%          4
f - Storm Form            Tmut/Air       36%        N/A       13%         7
g - Dispel Undead         Necr           30%        3d14      12%         4
h - Summon Forest         Summ/Tloc      20%        N/A       14%         5

Your spell library contained the following spells:

 Spells                   Type           Power      Damage    Failure   Level
 Necrotise                Necr           100%       1d9       1%          1
 Slow                     Hex            100%       N/A       1%          1
 Static Discharge         Conj/Air       45%        3-9/arc   1%          2
 Confusing Touch          Hex            45%        N/A       1%          3
 Ignite Poison            Fire/Tmut/Pois 41%        N/A       1%          3
 Airstrike                Air            33%        2d(5-21)  1%          4
 Ice Form                 Ice/Tmut       54%        N/A       1%          4
 Petrify                  Tmut/Erth      54%        N/A       1%          4
 Mephitic Cloud           Conj/Pois/Air  34%        N/A       2%          3
 Inner Flame              Hex/Fire       29%        N/A       3%          3
 Vampiric Draining        Necr           30%        2d8       3%          3
 Silence                  Hex/Air        29%        N/A       3%          5
 Freeze                   Ice            52%        1d7       4%          1
 Summon Mana Viper        Hex/Summ       55%        N/A       4%          5
 Frozen Ramparts          Ice            26%        1d4       13%         3
 Freezing Cloud           Conj/Ice/Air   17%        6-21      24%         5
 Agony                    Necr           30%        N/A       32%         5
 Metabolic Englaciation   Hex/Ice        14%        N/A       34%         5
 Hailstorm                Conj/Ice       13%        3d5       38%         4
 Olgreb's Toxic Radiance  Pois           13%        N/A       38%         4
 Passage of Golubria      Tloc           13%        N/A       38%         4
 Sticky Flame             Conj/Fire      13%        2d4       38%         4
 Fireball                 Conj/Fire      6%         3d5       75%         5
 Summon Cactus Giant      Summ           31%        N/A       10%         6
 Statue Form              Tmut/Erth      36%        N/A       26%         6
 Death Channel            Necr           15%        N/A       87%         6
 Starburst                Conj/Fire      6%         6d4       100%        6
 Lehudib's Crystal Spear  Conj/Erth      6%         10d3      100%        8
 Chain Lightning          Conj/Air       22%        3d30      100%        9
 Corpse Rot               Necr/Pois/Air  Unusable   N/A       N/A         4
 Simulacrum               Ice/Necr       Unusable   N/A       N/A         6

Dungeon Overview and Level Annotations

Branches:
Dungeon (13/15)            Temple (0/1) D:7            Lair (5/5) D:11
 Shoals (0/4) Lair:3        Snake (2/4) Lair:3        Slime (0/5) Lair:5
    Orc (2/2) D:10            Elf (0/3) Orc:2        Bailey (visited)
 Vaults: D:13-14

Altars:
Dithmenos
Fedhas
Gozag
Hepliaklqana
Makhleb
Nemelex Xobeh
Okawaru
Qazlal
Ru
Sif Muna
Uskayaw
Vehumet
Wu Jian
Xom
Zin

Shops:
D:7 *   D:8 *:![[   Orc:2 ?***   Snake:1 [

Annotations:
D:6 1 runed translucent door, Crazy Yiuf
Lair:2 3 runed translucent doors, DemonSlayer's ghost, journeyman DsFE
Orc:2 3 runed translucent doors, JacoesBerries's ghost, journeyman DECj


Innate Abilities, Weirdness & Mutations

You have sharp claws.
You have razor-sharp teeth.
You have supernaturally acute eyesight. (SInv)
You cover ground quickly. (Speed+)
Your thick and shaggy fur keeps you warm. (AC +3, rC+)
Your paws help you pounce on unaware monsters.
You are incapable of wielding weapons or throwing items.
You cannot wear armour.
You gain extra lives every three experience levels.
You sometimes lose your temper in combat.
Your body sometimes deteriorates upon taking damage.


Message History

Okay, then.
Your lightning spire disappears in a puff of smoke!
You now have 4798 gold pieces (gained 19).
Things that are here:
a +0 halberd; a +0 robe You now have 4812 gold pieces (gained 14).
Things that are here:
a +0 war axe; a +0 robe You are no longer firmly anchored in space.
Your transformation is almost over.
Your transformation has ended.
A shock serpent comes into view.
The shock serpent hisses angrily.
Casting: Summon Guardian Golem (safe; 1% risk of failure)
Confirm with . or Enter, or press ? or * to list all spells.
You need more open space to fit a forest.
Casting: Summon Forest (dangerous; 14% risk of failure)
Confirm with . or Enter, or press ? or * to list all spells.
You miscast Storm Form.
You are very lightly contaminated with residual magic.
Nothing appears to happen.
The shock serpent shoots out a bolt of lightning at you!
The bolt of electricity hits you!!
Casting: Storm Form (quite dangerous; 13% risk of failure)
Confirm with . or Enter, or press ? or * to list all spells.
A guardian golem appears, shielding your allies.
The shock serpent shoots out a bolt of lightning at you!
The bolt of electricity hits you!! The shock serpent misses you.
A naga mage comes into view. It is wielding a +0 vorpal flail.
The shock serpent shoots out a bolt of lightning at you!
The bolt of electricity misses you. The bolt of electricity hits you!!
* * * LOW HITPOINT WARNING * * *
Your body deteriorates!
You feel weakened.
The bolt of electricity hits the shock serpent.
The shock serpent completely resists.
The bolt of electricity misses the shock serpent.
The shock serpent bites you!
You die...
Your body crumbles into a pile of gold.

.# #.........# .
#.###........## .
###..........## .
#.#.........#.######.#
#...........#.#.....#
#####......###.....#
##....####.....#
#######9S..#..#
.......@..# .#
.....###...# .# ....
.#..# # ... . #..# .
.. #..N ## #.## ##


You could see a shock serpent (ally target), a naga mage (asleep) and a friendly
guardian golem (summoned).

Vanquished Creatures
  An ettin (Orc:2)
  A hydra (Lair:3)
  An anaconda (Snake:1)
  Erica (D:8)
  2 dancing weapons (Abyss:3)
  A naga warrior (Snake:1)
  2 shock serpents (Snake:1)
  Sonja (Lair:3)
  An orc knight (Orc:2)
  A naga ritualist (Snake:1)
  2 orc sorcerers
  A wolf spider (Lair:5)
  2 guardian serpents
  2 naga magi
  8 black mambas
  Maurice (D:8)
  2 cane toads (Lair:5)
  An unseen horror (D:10)
  A rime drake (Lair:3)
  A freezing wraith (Abyss:3)
  A queen bee (Orc:1)
  2 trolls
  4 saltlings (Orc:2)
  2 blink frogs (Lair:5)
  2 large abominations (Abyss:3)
  A vampire (D:11)
  A flying skull (Abyss:3)
  A wyvern (Lair:5)
  A chaos spawn (Abyss:3)
  A steam dragon (D:9)
  A basilisk (Lair:5)
  A redback (Lair:5)
  A warg (Orc:1)
  2 nagas
  3 water moccasins (Lair:5)
  2 nameless horrors
  A sky beast (D:7)
  4 orc warriors
  A black bear (Lair:1)
  3 ogres (Orc:2)
  A necrophage (D:6)
  A bullfrog (Lair:3)
  A wight (D:9)
  9 killer bees
  3 orc priests
  A gnoll bouda (Orc:1)
  4 orc wizards
  An ogre zombie (D:10)
  2 adders
  5 gnolls
  A shadow imp (D:7)
  A dart slug (D:6)
  16 orcs
  An endoplasm (D:3)
  A giant cockroach (D:3)
  3 goblins
  2 hobgoblins
  2 bats (D:3)
  A hobgoblin zombie (D:10)
  A kobold (D:7)
  2 orc zombies (D:10)
127 creatures vanquished.

Vanquished Creatures (collateral kills)
  The ghost of Kicir the Blocker, an adept GnFi of Okawaru (Snake:2)
  A nagaraja (Snake:2)
  An ettin (Orc:2)
  4 hydras
  A vault guard (D:13)
  A boulder beetle (Lair:5)
  An anaconda (Snake:2)
  4 two-headed ogres
  A shock serpent (Snake:2)
  A death yak (Lair:3)
  A naga warrior (Snake:1)
  An orc high priest (Orc:2)
  2 naga sharpshooters (Snake:2)
  A sea snake (Snake:2)
  2 skeletal warriors (D:11)
  2 orc knights (Orc:2)
  A deep elf pyromancer (D:12)
  A necromancer (Lair:2)
  2 ugly things
  A salamander (Snake:2)
  2 cyclopes
  4 oklob plants (Lair:4)
  A mana viper (Snake:2)
  A manticore (D:11)
  2 orc sorcerers (Orc:2)
  A worldbinder (Abyss:3)
  A guardian serpent (Lair:5)
  15 black mambas
  An unseen horror (D:10)
  2 naga magi
  5 cane toads
  A rime drake (Lair:4)
  5 komodo dragons
  Psyche (D:9)
  4 trolls
  2 hornets (Lair:5)
  3 saltlings (Orc:2)
  6 blink frogs
  10 wyverns
  20 yaks
  4 wraiths
  A neqoxec (Abyss:3)
  2 basilisks
  A human (shapeshifter) (D:13)
  A steam dragon (D:9)
  2 vampire mosquitoes (D:12)
  A redback (Lair:5)
  2 wargs (Orc:2)
  7 nagas
  15 water moccasins
  9 orc warriors
  A sky beast (D:7)
  A black bear (shapeshifter) (D:9)
  An ogre (Orc:1)
  9 centaurs
  2 wolves (Lair:3)
  2 phantoms
  A kobold brigand (D:6)
  2 lemures (D:8)
  7 bullfrogs
  2 gnoll sergeants (D:11)
  2 scorpions (D:6)
  A wight (D:7)
  A troll zombie (D:10)
  4 killer bees
  3 electric eels
  A howler monkey (D:10)
  3 jellies
  A quasit (D:4)
  2 hounds (D:6)
  2 gnoll boudas (D:9)
  5 orc priests
  4 iguanas
  12 orc wizards
  2 wolf simulacra (Lair:2)
  2 ogre zombies (D:10)
  2 adders
  10 gnolls
  5 shadow imps
  2 white imps
  4 ufetubi
  A worm (D:5)
  11 dart slugs
  36 orcs
  7 ball pythons
  7 endoplasms
  2 giant cockroaches (D:3)
  8 goblins
  3 hobgoblins
  A jackal (D:3)
  3 quokkas
  4 bats
  4 frilled lizards
  A goblin skeleton (D:10)
  3 goblin zombies (D:10)
  2 hobgoblin zombies (D:10)
  7 kobolds
  An orc skeleton (D:10)
  8 orc zombies (D:10)
  6 rats
  A lurking horror (Abyss:3)
  3 pillars of salt (Orc:2)
377 creatures vanquished.

Vanquished Creatures (others)
  Louise (Snake:2)
  2 hydras
  4 vault guards (D:13)
  A centaur warrior (D:9)
  A boulder beetle (D:12)
  2 anacondas (Snake:2)
  2 catoblepae
  A naga warrior (Snake:1)
  4 two-headed ogres
  3 death yaks (Lair:3)
  3 naga sharpshooters
  2 tengu warriors
  3 skeletal warriors (D:11)
  A sea snake (Snake:2)
  A naga ritualist (Snake:2)
  7 orc knights
  Pikel (D:8)
  A lindwurm (Lair:3)
  An oklob plant (D:11)
  An orc sorcerer (Orc:2)
  7 cyclopes
  A manticore (D:11)
  6 black mambas
  A naga mage (Snake:1)
  3 cane toads
  2 rime drakes (Lair:3)
  3 komodo dragons
  2 blink frogs (Lair:5)
  4 trolls
  2 saltlings (Orc:2)
  A raiju (Abyss:3)
  3 shadows
  3 wyverns
  16 yaks
  3 wraiths
  A basilisk (D:11)
  2 vampire mosquitoes (D:13)
  A steam dragon (Lair:4)
  4 nagas
  Duvessa (D:7)
  3 water moccasins
  15 orc warriors
  An ogre (D:6)
  2 ice beasts (D:5)
  4 wolves (Lair:3)
  2 lemures (D:8)
  3 centaurs
  2 bullfrogs
  A necrophage (D:4)
  A scorpion (D:6)
  A gnoll sergeant (D:6)
  6 wights
  Dowan (D:7)
  3 killer bees
  An electric eel (D:10)
  A hound (D:4)
  A quasit (D:4)
  An orc priest (D:4)
  An iguana (D:6)
  An orc wizard (D:9)
  3 yak simulacra (Lair:2)
  A polar bear simulacrum (Lair:2)
  5 wolf simulacra (Lair:2)
  2 ogre zombies (D:10)
  3 gnolls
  A shadow imp (D:4)
  A white imp (D:4)
  28 orcs
  A goblin (D:7)
  2 kobolds (D:7)
  An orc zombie (D:10)
  2 demonic plants (D:4)
  21 fungi
  A pillar of salt (Orc:2)
  87 plants
  A snaplasher vine (Snake:2)
  9 starspawn tentacles (Abyss:3)
328 creatures vanquished.

Grand Total: 832 creatures vanquished

Notes
Turn   | Place    | Note
-------+----------+-------------------------------------------
     0 | D:1      | croobank the Felid Summoner began the quest for the Orb.
     0 | D:1      | Reached XP level 1. HP: 7/7 MP: 4/4
   562 | D:1      | Got the Discursus on Vapour and Poison
   712 | D:1      | Reached skill level 3 in Dodging
   712 | D:1      | Reached XP level 2. HP: 7/11 MP: 3/6
   715 | D:1      | Learned a level 2 spell: Call Imp
  1778 | D:2      | Reached XP level 3. HP: 7/14 MP: 2/7
  1996 | D:2      | Learned a level 3 spell: Call Canine Familiar
  3107 | D:3      | Reached XP level 4. HP: 6/18 MP: 8/8
  3682 | D:3      | Found a faded altar of an unknown god.
  3972 | D:3      | Found a shadowy altar of Dithmenos.
  4121 | D:4      | Reached skill level 4 in Dodging
  4145 | D:4      | Noticed a phantom
  4170 | D:4      | Killed a phantom
  4171 | D:4      | Reached XP level 5. HP: 21/21 MP: 3/10
  4175 | D:4      | Learned a level 3 spell: Summon Guardian Golem
  4559 | D:4      | Reached skill level 5 in Stealth
  4559 | D:4      | Reached skill level 5 in Summonings
  4559 | D:4      | Gained mutation: You are covered in thick fur. (AC +2)
                  | [Felid growth]
  4559 | D:4      | Reached XP level 6. HP: 24/24 MP: 3/12
  4821 | D:4      | Found a blossoming altar of Fedhas.
  4834 | D:4      | Found a sparkling altar of Nemelex Xobeh.
  4835 | D:4      | Found a glowing silver altar of Zin.
  4836 | D:4      | Found a hazy altar of Hepliaklqana.
  4837 | D:4      | Found a shimmering altar of Xom.
  4882 | D:4      | Reached skill level 5 in Dodging
  5956 | D:5      | Entered Level 5 of the Dungeon
  6099 | D:5      | Reached skill level 1 in Fighting
  6162 | D:5      | Reached XP level 7. HP: 28/28 MP: 7/13
  6167 | D:5      | Learned a level 4 spell: Summon Lightning Spire
  6710 | D:5      | Noticed a nameless horror
  6751 | D:5      | Killed a nameless horror
  7001 | D:5      | Reached skill level 6 in Dodging
  8154 | D:6      | Reached XP level 8. HP: 29/34 MP: 3/15
  8302 | D:6      | Found a burning altar of Makhleb.
  8532 | D:6      | Reached skill level 7 in Dodging
  8798 | D:6      | Reached skill level 5 in Spellcasting
  8841 | D:6      | Reached skill level 1 in Air Magic
  9092 | D:6      | Found an opulent altar of Gozag.
  9100 | D:6      | Found an opulent altar of Gozag.
  9100 | D:6      | Found an opulent altar of Gozag.
  9103 | D:6      | Became a worshipper of Gozag Ym Sagoz the Greedy
  9180 | D:6      | Found an opulent altar of Gozag.
  9360 | D:6      | Found a runed translucent door.
  9361 | D:6      | Noticed Crazy Yiuf
  9399 | D:6      | HP: 1/36 [electric eel/bolt of electricity (8)]
  9992 | D:7      | HP: 1/36 [orc warrior/+0 war axe (12)]
 10005 | D:7      | Found an ornate altar of the Wu Jian Council.
 10017 | D:7      | Reached XP level 9. HP: 20/39 MP: 3/18
 10033 | D:7      | Reached skill level 8 in Dodging
 10463 | D:7      | Found a flagged portal.
 10469 | Bailey   | Entered a bailey
 10903 | Bailey   | Noticed an orc knight
 10904 | Bailey   | Noticed an orc knight
 10953 | Bailey   | Slain by an orc knight
 10954 | Bailey   | Reached XP level 8. HP: -1/36 MP: 10/17
 10958 | Bailey   | Killed an orc knight
 10959 | Bailey   | Reached skill level 5 in Fighting
 11333 | Bailey   | Killed an orc knight
 11334 | Bailey   | Reached skill level 9 in Dodging
 11334 | Bailey   | Reached XP level 9. HP: 39/40 MP: 10/19
 11598 | Bailey   | Noticed an orc knight
 11613 | Bailey   | Killed an orc knight
 11697 | D:7      | Found Zoigynus's Mass Market.
 11697 | D:7      | Noticed Dowan
 11704 | D:7      | Killed Dowan
 11712 | D:7      | Noticed Duvessa
 11725 | D:7      | Killed Duvessa
 11735 | D:7      | Reached skill level 1 in Hexes
 11937 | D:7      | Found an iron altar of Okawaru.
 12017 | D:7      | Found a shimmering blue altar of Sif Muna.
 12059 | D:7      | Found a radiant altar of Vehumet.
 12065 | D:7      | Found a sacrificial altar of Ru.
 12086 | D:7      | Found a staircase to the Ecumenical Temple.
 12134 | D:7      | Acquired a book of Decay
 12180 | D:7      | Noticed a two-headed ogre
 12472 | D:8      | Found Weig's Distillery.
 12482 | D:8      | Bought a potion of invisibility for 88 gold pieces
 12530 | D:8      | Noticed a two-headed ogre
 12542 | D:8      | Killed a two-headed ogre
 12543 | D:8      | Reached XP level 10. HP: 45/45 MP: 8/21
 12549 | D:8      | Noticed Erica
 12561 | D:8      | Paralysed by Erica for 5 turns
 12571 | D:8      | Killed Erica
 12572 | D:8      | Reached skill level 10 in Dodging
 12673 | D:8      | Found a hide-covered altar of Uskayaw.
 12689 | D:8      | Found Sipuc's Book Emporium.
 12702 | D:8      | Found Reruorod's Antique Armour Emporium.
 12779 | D:8      | Noticed Maurice
 12804 | D:8      | Killed Maurice
 12805 | D:8      | Reached skill level 5 in Air Magic
 12964 | D:8      | Found Juix's Antique Armour Boutique.
 13365 | D:8      | Noticed Pikel
 13367 | D:8      | Found Qeogg's General Store.
 13408 | D:8      | Killed Pikel
 13560 | D:8      | Bought a scroll of fear for 48 gold pieces
 13560 | D:8      | Bought a scroll of identify for 24 gold pieces
 13733 | D:9      | Noticed Psyche
 13770 | D:9      | Killed Psyche
 14598 | D:9      | Noticed a centaur warrior
 14691 | D:9      | Shot with an arrow by a centaur warrior
 14692 | D:9      | Reached XP level 9. HP: -5/43 MP: 13/21
 14840 | D:9      | Reached skill level 5 in Hexes
 14990 | D:9      | Noticed a brown ugly thing
 14992 | D:9      | Reached XP level 10. HP: 47/47 MP: 18/22
 15003 | D:9      | Killed a brown ugly thing
 15029 | D:10     | Entered Level 10 of the Dungeon
 15393 | D:9      | Reached skill level 11 in Dodging
 15466 | D:9      | Noticed a boulder beetle
 15939 | D:9      | Killed a centaur warrior
 16595 | D:10     | Reached XP level 11. HP: 50/50 MP: 23/23
 16596 | D:10     | Reached skill level 10 in Transmutations
 16596 | D:10     | Gained mutation: Your thick and shaggy fur keeps you warm.
                  | (AC +3, rC+) [Felid growth]
 16596 | D:10     | Reached XP level 12. HP: 54/54 MP: 24/24
 16597 | D:10     | Reached XP level 13. HP: 57/57 MP: 25/25
 16606 | D:10     | Learned a level 7 spell: Storm Form
 17091 | D:10     | Found a staircase to the Orcish Mines.
 18336 | D:10     | Found a stormy altar of Qazlal.
 19984 | D:11     | Learned a level 4 spell: Dispel Undead
 20010 | D:11     | Reached skill level 1 in Necromancy
 20252 | D:11     | Reached XP level 14. HP: 50/63 MP: 14/27
 20660 | D:11     | Got Yleahiv's Textbook on Lofty Conflagration
 20672 | D:11     | Identified the ring of Kyku Rec {rPois Int+4}
 20775 | D:11     | Reached skill level 10 in Summonings
 21035 | D:11     | Reached skill level 12 in Dodging
 21984 | D:11     | Found a staircase to the Lair.
 23346 | D:13     | HP: 1/64 [brown ugly thing (12)]
 23346 | D:13     | Splashed by a brown ugly thing's acid
 23347 | D:13     | Reached XP level 13. HP: -8/60 MP: 9/27
 23880 | Lair:1   | Entered Level 1 of the Lair of Beasts
 24357 | Lair:1   | You fall into a shaft and drop 1 floor!
 25485 | Lair:2   | Reached skill level 13 in Dodging
 26093 | Lair:2   | Noticed DemonSlayer's ghost (journeyman DsFE)
 26098 | Lair:2   | Found a runed translucent gate.
 26098 | Lair:2   | Found a runed translucent gate.
 26107 | Lair:2   | Found a runed translucent gate.
 26899 | Lair:3   | Found a staircase to the Snake Pit.
 27306 | Lair:3   | Noticed Sonja
 27317 | Lair:3   | Killed Sonja
 28034 | Lair:3   | Reached XP level 14. HP: 64/64 MP: 21/28
 28764 | Lair:3   | Found a staircase to the Shoals.
 30313 | Lair:4   | Reached skill level 10 in Fighting
 30479 | Lair:4   | Identified the +4 rapier of Myzxit {vorpal, rF++ SInv
                  | Stlth-}
 30840 | Lair:4   | Reached skill level 10 in Air Magic
 30911 | Lair:4   | Reached skill level 10 in Spellcasting
 31283 | Lair:4   | Identified the amulet "Kiew" {Acrobat rPois}
 31354 | Lair:5   | Entered Level 5 of the Lair of Beasts
 31384 | Lair:5   | Reached skill level 14 in Dodging
 31671 | Lair:5   | Found a shadowy altar of Dithmenos.
 32048 | Lair:5   | Found a staircase to the Slime Pits.
 33391 | Orc:1    | Entered Level 1 of the Orcish Mines
 34673 | Orc:2    | Entered Level 2 of the Orcish Mines
 34792 | Orc:2    | Found a staircase to the Elven Halls.
 34973 | Orc:2    | Reached XP level 15. HP: 67/70 MP: 19/30
 35466 | Orc:2    | Reached skill level 15 in Dodging
 35727 | Orc:2    | Found Gurip's General Store.
 35736 | Orc:2    | Found Ilang's General Store.
 35767 | Orc:2    | Bought a scroll of blinking for 75 gold pieces
 35767 | Orc:2    | Bought a potion of magic for 80 gold pieces
 35813 | Orc:2    | Found Icineyhu's Assorted Antiques.
 35933 | Orc:2    | Bought a potion of heal wounds for 130 gold pieces
 35933 | Orc:2    | Bought an ivory wand for 104 gold pieces
 35969 | Orc:2    | Found Bicrud's Magic Scroll Shop.
 35975 | Orc:2    | Bought a scroll of teleportation for 39 gold pieces
 35975 | Orc:2    | Bought a scroll of teleportation for 39 gold pieces
 36038 | Orc:2    | Found a runed translucent gate.
 36039 | Orc:2    | Found a runed translucent gate.
 36040 | Orc:2    | Found a runed translucent gate.
 36041 | Orc:2    | Noticed JacoesBerries's ghost (journeyman DECj)
 36303 | Orc:2    | Found an iron altar of Okawaru.
 37693 | D:13     | Reached skill level 15 in Transmutations
 38075 | Snake:1  | Entered Level 1 of the Snake Pit
 38102 | Snake:1  | Learned a level 5 spell: Summon Forest
 38316 | Snake:1  | Found a shimmering altar of Xom.
 38660 | Snake:1  | Found Acant's Antique Armour Emporium.
 39094 | Snake:1  | Identified the +1 chain mail "Ivaunul" {rPois rN+ Str-3
                  | Dex+4}
 39652 | Snake:2  | Found the +7 captain's cutlass {speed, disarm}
 39763 | Snake:2  | Noticed Louise
 39785 | Abyss:3  | Cast into level 3 of the Abyss (Louise)
 39852 | Abyss:3  | HP: 3/68 [necromancer/bolt of negative energy[a
                  | worldbinder] (31)]
 39956 | Abyss:3  | Noticed a profane servitor
 39995 | Abyss:3  | Noticed a tentacled starspawn
 39998 | Abyss:3  | Noticed a tentacled starspawn
 40007 | Abyss:3  | Gained mutation: Your body sometimes deteriorates upon
                  | taking damage. [a neqoxec]
 40019 | Abyss:3  | Noticed a deep elf sorcerer
 40049 | Abyss:3  | Found a shadowy altar of Dithmenos.
 40063 | Abyss:3  | Found a corrupted altar of Lugonu.
 40148 | Abyss:3  | Reached skill level 1 in Unarmed Combat
 40255 | Abyss:3  | Gained mutation: You sometimes lose your temper in combat.
                  | [a neqoxec]
 40263 | Abyss:3  | Noticed a tentacled starspawn
 40323 | Abyss:3  | Reached skill level 16 in Dodging
 40347 | Abyss:3  | Slain by a +0 long sword of holy wrath
 40348 | Abyss:3  | Reached XP level 14. HP: -2/64 MP: 10/29
 40400 | Snake:2  | Escaped the Abyss
 40418 | Snake:2  | Killed Louise
 40759 | Snake:2  | Found a large runed translucent door.
 40759 | Snake:2  | Found a large runed translucent door.
 40760 | Snake:2  | Noticed Kicir's ghost (adept GnFi)
 40858 | Snake:2  | Killed Kicir's ghost
 41949 | Snake:2  | Reached XP level 15. HP: 72/72 MP: 21/30
 42502 | Snake:2  | Noticed a nagaraja
 43499 | Snake:2  | Killed a nagaraja
 43598 | Snake:2  | Mangled by a shock serpent

Illustrated notes

Levels and vault maps discovered:
D:1:      dpeg_arrival_boxorama, layout_basic, chequers_serial_rivers_micro_d,
          minivault_4
D:2:      layout_rooms, dk_vineyard_3
D:3:      minmay_inner_zag, layout_loops_ring,
          mainiacjoe_overflow_surrounded_room,
          shapermc_ecumenical_altar_notcrosses, item_on_display_a
D:4:      layout_gridville, fedhas_ov_isle_minmay,
          chequers_temple_overflow_statue_of_worship, serial_demonic,
          serial_demonic_f, serial_demonic_d, serial_demonic_e, serial_demonic_d
D:5:      layout_loops_ring
D:6:      kennysheep_slugbush, layout_layer_cave,
          nicolae_gozag_conspicuous_consumption, makhleb_heckhound_becter,
          due_unseen_surprise, uniq_crazy_yiuf_cottage
D:7:      layout_basic, mainiacjoe_overflow_alcove_4,
          mainiacjoe_overflow_small_starburst, nicolae_sif_muna_condensation,
          mainiacjoe_overflow_catch_the_wave, minmay_temple_entry_glassed_door,
          enter_bailey_5, nrook_campfire, moated_statue, st_stairs_1,
          minmay_shop_mass, kennysheep_generic_room_4, uniq_duvessa
D:8:      layout_basic, nicolae_uskayaw_suspiria, serial_shops, shop, shop,
          shop, nicolae_shop_waterfront, shop, uniq_erica, uniq_pikel,
          uniq_maurice
D:9:      minmay_opposing_rooms, layout_basic, glass_columns_a, uniq_psyche
D:10:     layout_basic, grunt_qazlal_sundering, zombieorc1_lemuel
D:11:     layout_roguey, dpeg_oklobed_lair, minmay_pinched_square
D:12:     layout_long_grid, minmay_diced_spiral
D:13:     layout_loops_ring, erik_vaults_2
Lair:1:   layout_layer_cave, gauntlet_entry_generic
Lair:2:   layout_layer_cave, gammafunk_ghost_split, eino_house_with_fridge
Lair:3:   layout_gridlike, minmay_shoals_entry_centaurs,
          minmay_snake_entry_six_corridors, uniq_sonja
Lair:4:   minmay_lair_oklob_tunnel, layout_regular_city, beast_lair_carwin_11,
          lemuel_fruit_tree
Lair:5:   hangedman_lair_tendril_chambers, layout_gridlike, slime_entry_1,
          basic_altar, minivault_27, serial_bayou_shore_b
Snake:1:  layout_grid_maze, basic_altar, serial_shops, nicolae_diamond_shop
Snake:2:  layout_chambers, ebering_ghost_disaster_area,
          hangedman_snake_wide_pillar_pass, nicolae_snake_omega,
          serial_bayou_shore_a, uniq_louise
Orc:1:    layout_caves, special_room [special_room_bee],
          nicolae_orc_sculptors_studio
Orc:2:    hellmonk_orc_salted, layout_caves, gammafunk_ghost_fury_of_okawaru,
          lightli_orcish_oven

Skill      XL: |  1  2  3  4  5  6  7  8  9 10 11 12 13 14 15 |
---------------+----------------------------------------------+-----
Stealth        | 3 4 5 |  5.5
Dodging        | 3 4 5 6 9 8 11 13 14 16 | 16.4
Spellcasting   | 3 4 6 7 8 10 | 10.0
Summonings     | 5 6 9 10 | 10.1
Fighting       | 1 2 5 6 7 8 12 11 | 12.2
Air Magic      | 3 4 7 8 10 11 | 11.8
Hexes          | 5 4 6 |  6.0
Transmutations | 6 10 13 14 15 | 15.7
Necromancy     | 3 |  3.2
Unarmed Combat | 2 3 |  3.1

Action                   |  1- 3 |  4- 6 |  7- 9 | 10-12 | 13-15 || total
-------------------------+-------+-------+-------+-------+-------++-------
Melee: Unarmed           |    17 |    19 |   100 |     7 |   379 ||   522
       Bite              |     1 |     2 |     8 |     1 |    23 ||    35
       Punch             |       |     1 |     2 |       |     8 ||    11
 Cast: Summon Small Mamm |    36 |    20 |    43 |    22 |   149 ||   270
       Call Imp          |    16 |     8 |     7 |     3 |    18 ||    52
       Call Canine Famil |    10 |    27 |    35 |    24 |    82 ||   178
       Summon Guardian G |       |    10 |    66 |    34 |   240 ||   350
       Summon Lightning  |       |       |    16 |     8 |   184 ||   208
       Storm Form        |       |       |       |       |    34 ||    34
       Summon Forest     |       |       |       |       |    10 ||    10
       Dispel Undead     |       |       |       |       |     9 ||     9
Invok: Potion Petition   |       |       |       |       |     5 ||     5
 Abil: Blinkbolt         |       |       |       |       |     4 ||     4
Evoke: Wand              |       |       |     4 |     8 |    15 ||    27
  Use: Scroll            |       |     9 |     5 |     3 |    20 ||    37
       Potion            |       |     2 |     3 |     5 |    17 ||    27
 Stab: Distracted        |     1 |       |     1 |     2 |     7 ||    11
       Sleeping          |     2 |     4 |     2 |       |     2 ||    10
       Paralysed         |       |       |       |       |     3 ||     3
       Invisible         |       |       |       |       |     1 ||     1
Armor: Skin              |     2 |     4 |    44 |     3 |    78 ||   131
Dodge: Dodged            |    15 |    27 |   157 |    33 |   796 ||  1028
Block: Other             |       |       |       |     6 |   163 ||   169
       Reflection        |       |       |       |     1 |     9 ||    10
